 Dungeon Crawl Stone Soup version 0.31.0-11-ge490571c62 (webtiles) character file.

Game seed: 4853974124151199549

8152 dialectric the Spear-Bearer (level 11, -1/99 HPs)
             Began as a Minotaur Fighter on Jan 29, 2024.
             Slain by a skeletal warrior
             ... wielding a +0 hand axe
              (14 damage)
             ... on level 11 of the Dungeon.
             The game lasted 00:13:23 (10139 turns).

dialectric the Spear-Bearer (Minotaur Fighter)     Turns: 10139, Time: 00:13:23

Health: -1/99      AC: 18    Str: 25    XL:     11   Next: 6%
Magic:  10/10      EV: 11    Int:  5    God:
Gold:   579        SH:  0    Dex: 10    Spells: 7/10 levels left

rFire   + . .        a - +0 trident
rCold   . . .        (no shield)
rNeg    . . .        E - +4 ring mail "Yle Emim" {rF+}
rPois   .            (helmet restricted)
rElec   .            (no cloak)
rCorr   .            J - +0 pair of gloves
SInv    .            I - +0 pair of boots
Will    .....        (no amulet) Stlth
                     A - +4 ring of protection
HPRegen 0.36/turn    (no ring)
MPRegen 0.12/turn

%: no passive effects
@: no status effects
A: horns 2, retaliatory headbutt
a: no special abilities


You were on level 11 of the Dungeon.
You visited 1 branch of the dungeon, and saw 11 of its levels.

You collected 659 gold pieces.
You spent 80 gold pieces at shops.

Inventory:

Hand Weapons
 a - a +0 trident (weapon)
 z - a +3 whip
 M - a +0 morningstar
Missiles
 i - 5 curare-tipped darts (quivered)
Armour
 m - a +0 tower shield
 B - a scarf of invisibility
 C - +0 steam dragon scales
 E - the +4 ring mail "Yle Emim" (worn) {rF+}
   (You found it on level 7 of the Dungeon)

   rF+:       It protects you from fire.
 I - a +0 pair of boots (worn)
 J - a +0 pair of gloves (worn)
 K - a +0 plate armour
 N - +0 acid dragon scales
Jewellery
 c - a ring of ice
 o - an amulet of faith
 A - a +4 ring of protection (left hand)
Talismans
 x - a maw talisman
Wands
 t - a wand of mindburst (8)
 u - a wand of acid (9)
 D - a wand of digging (2)
 G - a wand of roots (6)
 L - a wand of flame (7)
Scrolls
 b - 2 scrolls of fear {unknown}
 f - a scroll of enchant weapon {unknown}
 g - 2 scrolls of vulnerability
 l - 2 scrolls of noise {unknown}
 n - a scroll of amnesia {unknown}
 p - 2 scrolls of poison {unknown}
 r - a scroll of torment {unknown}
 s - 3 scrolls of teleportation {unknown}
 v - 3 scrolls of blinking {unknown}
 y - 2 scrolls of identify
 F - a scroll of revelation {unknown}
Potions
 d - a potion of enlightenment {unknown}
 e - a potion of resistance {unknown}
 h - 3 potions of brilliance
 j - a potion of ambrosia {unknown}
 k - a potion of lignification
 q - a potion of attraction
 w - 3 potions of heal wounds
 H - 2 potions of curing


   Skills:
 - Level 10.0 Fighting
 + Level 14.4 Polearms
 - Level 1.0 Throwing
 + Level 10.7 Armour
 - Level 3.0 Dodging
 - Level 3.6 Shields
 - Level 2.0 Evocations


You had 7 spell levels left.
You knew the following spells:

 Your Spells              Type           Power      Damage    Failure   Level
a - Passwall              Erth           0%         N/A       92%         3

Your spell library contained the following spells:

 Spells                   Type           Power      Damage    Failure   Level
 Necrotise                Necr           0%         1d4       58%         1
 Sandblast                Erth           0%         2d4       58%         1
 Hailstorm                Conj/Ice       0%         3d5       92%         3
 Stone Arrow              Conj/Erth      0%         3d7       92%         3
 Summon Ice Beast         Ice/Summ       0%         N/A       92%         3
 Vampiric Draining        Necr           0%         2d6       92%         3
 Animate Armour           Summ/Erth      0%         N/A       100%        4
 Brom's Barrelling Bould  Conj/Erth      0%         2d3       100%        4
 Martyr's Knell           Necr/Summ      0%         N/A       100%        4
 Summon Lightning Spire   Summ/Air       0%         N/A       100%        4
 Curse of Agony           Necr           0%         N/A       100%        5
 Lee's Rapid Deconstruct  Erth           0%         3d4*      100%        5
 Sculpt Simulacrum        Ice/Alch       0%         N/A       100%        6


Dungeon Overview and Level Annotations

Branches:
Dungeon (11/15)            Temple (0/1) D:7            Lair (0/5) D:9
    Orc: D:9-12

Altars:
Elyvilon
Gozag
Kikubaaqudgha
Okawaru
Trog
Uskayaw
Vehumet
Wu Jian
Xom
The Shining One

Shops:
D:3 :   D:5 !   D:7 (


Innate Abilities, Weirdness & Mutations

You have a pair of horns on your head.
You reflexively headbutt those who attack you in melee.


Message History

The skeletal warrior hits you but does no damage.
You hit the skeletal warrior but do no damage.
You headbutt the skeletal warrior, but do no damage.
The skeletal warrior is lightly damaged.
You closely miss the skeletal warrior.
The skeletal warrior is lightly damaged.
The skeletal warrior hits you but does no damage.
You hit the skeletal warrior but do no damage.
The skeletal warrior hits you with a +0 hand axe!
You hit the skeletal warrior but do no damage.
You headbutt the skeletal warrior, but do no damage.
You barely miss the skeletal warrior.
The skeletal warrior hits you with a +0 hand axe!
You closely miss the skeletal warrior.
You hit the skeletal warrior but do no damage.
The skeletal warrior hits you with a +0 hand axe!
You hit the skeletal warrior but do no damage.
You headbutt the skeletal warrior, but do no damage.
The skeletal warrior hits you with a +0 hand axe.
You barely miss the skeletal warrior.
You hit the skeletal warrior but do no damage.
The skeletal warrior hits you with a +0 hand axe!!
The skeletal warrior attacks as it pursues you!
The skeletal warrior barely misses you. You furiously retaliate!
You headbutt the skeletal warrior!
A centaur warrior comes into view.
The centaur warrior wields a +0 orcbow.
The centaur warrior shoots an arrow.
The arrow closely misses you.
The skeletal warrior closely misses you.
The centaur warrior shoots an arrow.
The arrow hits you.
The centaur warrior shoots an arrow.
The arrow hits you.
The centaur warrior shoots an arrow.
The arrow hits you!
The centaur warrior shoots an arrow.
The arrow hits you!!
* * * LOW HITPOINT WARNING * * *
The skeletal warrior attacks as it pursues you!
The skeletal warrior hits you with a +0 hand axe.
* * * LOW HITPOINT WARNING * * *
There is a stone staircase leading up, spattered with blood here.
The skeletal warrior hits you with a +0 hand axe!
You die...

#................#
#...###..........#
#...# #.......#...
#.#.# #...........
#...# #...........
#...# ##########..
#c).# .. #z..# .
#@..+ #...# #...#
#.#.# #...# #....
#.#... #.. ...


You could see a skeletal warrior and a centaur warrior.

Vanquished Creatures
  A two-headed ogre (D:11)
  An ugly thing (D:10)
  An elephant (D:9)
  A gargoyle (D:10)
  Grinder (D:6)
  A hornet (D:8)
  A shadow (D:8)
  A jumping spider (shapeshifter) (D:10)
  7 yaks (D:9)
  4 steam dragons
  6 vampire mosquitoes
  An acid dragon (D:10)
  A water moccasin (D:6)
  An orc warrior (D:9)
  2 black bears
  2 ogres
  3 sky beasts
  An ice beast (D:5)
  5 centaurs
  2 kobold brigands (D:8)
  4 bullfrogs
  3 scorpions
  10 killer bees
  3 howler monkeys
  2 bombardier beetles
  A hound (D:4)
  2 jellies
  A gnoll bouda (D:2)
  6 sleepcaps
  Ijyb (D:4)
  5 orc wizards
  10 iguanas
  9 gnolls
  9 adders
  4 ufetubi
  3 ribbon worms
  2 dart slugs (D:1)
  20 orcs
  7 endoplasms
  5 giant cockroaches
  7 goblins
  6 hobgoblins
  6 jackals (D:1)
  12 ball pythons
  3 bats
  A frilled lizard (D:2)
  19 kobolds
  2 rats
206 creatures vanquished.

Notes
Turn   | Place    | Note
-------+----------+-------------------------------------------
     0 | D:1      | dialectric the Minotaur Fighter began the quest for the
                  | Orb.
     0 | D:1      | Reached XP level 1. HP: 19/19 MP: 0/0
   112 | D:1      | Reached XP level 2. HP: 27/27 MP: 1/1
   250 | D:1      | Reached skill level 1 in Dodging
   408 | D:1      | Reached XP level 3. HP: 33/33 MP: 2/2
   530 | D:1      | Reached skill level 3 in Polearms
   996 | D:2      | Reached XP level 4. HP: 40/40 MP: 3/3
  1050 | D:2      | Learned a level 3 spell: Passwall
  1603 | D:3      | Found Wichunn's Book Shop.
  1712 | D:3      | Reached skill level 4 in Polearms
  1729 | D:2      | Reached XP level 5. HP: 19/47 MP: 4/4
  2047 | D:3      | Reached skill level 5 in Polearms
  2053 | D:3      | Reached skill level 5 in Armour
  2365 | D:3      | Reached XP level 6. HP: 52/53 MP: 5/5
  2456 | D:3      | Found a faded altar of an unknown god.
  2565 | D:4      | Found an opulent altar of Gozag.
  2740 | D:4      | Found a glowing golden altar of the Shining One.
  2848 | D:4      | Noticed Ijyb
  2854 | D:4      | Killed Ijyb
  3232 | D:5      | Entered Level 5 of the Dungeon
  3264 | D:5      | Noticed an ice beast
  3268 | D:5      | Found a faded altar of an unknown god.
  3350 | D:5      | Killed an ice beast
  3351 | D:5      | Reached skill level 6 in Polearms
  3351 | D:5      | Reached XP level 7. HP: 50/60 MP: 6/6
  3404 | D:5      | Found Zaycirimp's Distillery.
  3411 | D:5      | Reached skill level 5 in Fighting
  3490 | D:5      | Bought a potion of heal wounds for 50 gold pieces
  3490 | D:5      | Bought a potion of curing for 30 gold pieces
  3589 | D:5      | Reached skill level 7 in Polearms
  3772 | D:5      | Found an ornate altar of the Wu Jian Council.
  4039 | D:5      | Reached XP level 8. HP: 68/68 MP: 7/7
  4242 | D:6      | Found a radiant altar of Vehumet.
  4289 | D:6      | Noticed Grinder
  4304 | D:6      | Killed Grinder
  4305 | D:6      | Reached skill level 8 in Polearms
  4436 | D:6      | Noticed a +0 dagger
  4437 | D:6      | Found a hide-covered altar of Uskayaw.
  4438 | D:6      | Noticed a +0 dagger
  4634 | D:6      | Found a white marble altar of Elyvilon.
  4712 | D:6      | Reached skill level 1 in Throwing
  4917 | D:6      | Found an iron altar of Okawaru.
  5229 | D:7      | Reached skill level 9 in Polearms
  5516 | D:7      | Found Buprom's Weapon Shoppe.
  5814 | D:7      | Reached XP level 9. HP: 78/78 MP: 8/8
  5823 | D:7      | Reached skill level 10 in Polearms
  5888 | D:7      | Identified the +4 ring mail "Yle Emim" {rF+}
  6065 | D:7      | Found a staircase to the Ecumenical Temple.
  6139 | D:7      | Found a shimmering altar of Xom.
  6605 | D:8      | Paralysed by a hornet for 3 turns
  6612 | D:8      | Paralysed by a hornet for 3 turns
  6614 | D:8      | HP: 1/79 [hornet (12)]
  6616 | D:8      | Reached skill level 11 in Polearms
  7824 | D:9      | Noticed an elephant
  7837 | D:9      | Killed an elephant
  7838 | D:9      | Reached skill level 12 in Polearms
  7838 | D:9      | Reached XP level 10. HP: 53/91 MP: 9/9
  7900 | D:9      | Reached skill level 1 in Evocations
  8048 | D:9      | Found a staircase to the Lair.
  8073 | D:9      | Reached skill level 10 in Fighting
  8497 | D:9      | Found an ancient bone altar of Kikubaaqudgha.
  8764 | D:10     | Entered Level 10 of the Dungeon
  8807 | D:9      | Reached skill level 13 in Polearms
  8836 | D:9      | Reached skill level 10 in Armour
  9133 | D:10     | Noticed a gargoyle
  9147 | D:10     | Killed a gargoyle
  9301 | D:10     | Identified the +1 robe of Card Tricks {Rampage Regen+}
  9340 | D:10     | Reached skill level 14 in Polearms
  9472 | D:10     | Found a bloodstained altar of Trog.
  9782 | D:11     | Noticed a brown ugly thing
  9801 | D:10     | Killed a brown ugly thing
 10075 | D:11     | Noticed a two-headed ogre
 10085 | D:11     | Killed a two-headed ogre
 10086 | D:11     | Reached XP level 11. HP: 99/99 MP: 10/10
 10107 | D:11     | Noticed a skeletal warrior
 10124 | D:11     | Noticed a centaur warrior
 10139 | D:11     | Slain by a skeletal warrior

Illustrated notes

Levels and vault maps discovered:
D:1:      lightli_iron_boxes, layout_basic
D:2:      layout_loops_ring, serial_rivers, chequers_serial_rivers_micro_d,
          chequers_serial_rivers_small_3, chequers_serial_rivers_large_a,
          chequers_serial_rivers_marsh, chequers_serial_rivers_small_a,
          grunt_ministairs_10
D:3:      layout_rooms, serial_shops, nicolae_shop_trees,
          nicolae_ecumenical_oubliette
D:4:      minmay_spotlight, layout_gridville, mainiacjoe_overflow_brackets,
          old_standard_altar, uniq_ijyb
D:5:      layout_cave_pools, nicolae_wu_jian_glorious_leap, serial_column_ruins,
          column_ruins_temple_circle, column_ruins_open_tiny,
          column_ruins_columns_dead_end, column_ruins_open_tiny,
          column_ruins_columns_straight, kennysheep_small_circle
D:6:      layout_cave_pods, okawaru_trees_1, lemuel_doored_altar,
          dancing_weapons_uskayaw, mainiacjoe_overflow_small_starburst,
          uniq_grinder
D:7:      layout_cave_pools, kennysheep_mini, minmay_temple_entry_overgrown,
          serial_shops, nicolae_shop_bloodbath_and_beyond
D:8:      layout_gridville
D:9:      layout_loops_ring, kiku_gazebo_garden_becter,
          grunt_lair_entry_orc_guard_hut
D:10:     layout_cave_pools, mainiacjoe_overflow_six_doors_small
D:11:     minmay_diamond_stairs, layout_stronghold, erik_orc_4

Skill      XL: |  1  2  3  4  5  6  7  8  9 10 |
---------------+-------------------------------+-----
Fighting       | 4 5 6 9 10 | 10.0
Dodging        | 1 2 3 |  3.0
Armour         | 4 5 6 7 8 9 10 | 10.7
Polearms       | 3 4 5 6 7 9 12 14 | 14.4
Throwing       | 1 |  1.0
Evocations     | 2 |  2.0
Shields        | |  3.6

Action                     |  1- 3 |  4- 6 |  7- 9 | 10-12 || total
---------------------------+-------+-------+-------+-------++-------
  Melee: Trident           |    85 |   155 |   382 |   190 ||   812
         Headbutt          |     9 |    22 |    55 |    31 ||   117
         Punch             |       |     2 |     7 |     5 ||    14
  Throw: Dart              |       |     4 |       |     9 ||    13
  Evoke: Wand              |       |       |     9 |       ||     9
    Use: Potion            |       |     1 |     3 |     2 ||     6
         Scroll            |       |       |     5 |       ||     5
 Armour: Scale mail        |    39 |    91 |    18 |       ||   148
         Chain mail        |       |       |   167 |       ||   167
         Steam dragon scal |       |       |    12 |       ||    12
         Ring mail         |       |       |   176 |    91 ||   267
         Plate armour      |       |       |       |    73 ||    73
  Dodge: Dodged            |    36 |    68 |   196 |    81 ||   381
